 Dungeon Crawl Stone Soup version 0.28.0-49-g6dfe1f597d (webtiles) character file.

Game seed: 13535392266725052447

2 Zeld the Insei (level 1, 0/13 HPs)
             Began as an Octopode Transmuter on May 11, 2022.
             Constricted to death by a ball python (1 damage)
             ... on level 1 of the Dungeon.
             The game lasted 00:00:23 (49 turns).

Zeld the Insei (Octopode Transmuter)                  Turns: 49, Time: 00:00:23

Health: 0/13       AC:  1    Str:  9    XL:     1   Next: 30%
Magic:  3/3        EV: 10    Int: 15    God:
Gold:   19         SH:  0    Dex: 12    Spells: 3/4 levels left

rFire   . . .      SeeInvis .     - Unarmed
rCold   . . .      Faith    .   (no shield)
rNeg    . . .      Spirit   .   (helmet currently unavailable)
rPois   .          Reflect  .   (no amulet)
rElec   .          Harm     .   (no ring)
rCorr   .          Rampage  .   (no ring)
Will    .....                   (no ring)
Stlth   ++........              (no ring)
HPRegen 0.04/turn               (no ring)
MPRegen 0.08/turn               (no ring)
                                (no ring)
                                (no ring)

@: appendages (expiring), constricted
A: tentacle spike 3, almost no armour, amphibious, 8 rings, camouflage 1,
gelatinous body 1, (nimble swimmer 1), tentacles
a: End Transformation


You were on level 1 of the Dungeon.
One of your tentacles had grown a beastly spike.
You visited 1 branch of the dungeon, and saw 1 of its levels.

You collected 19 gold pieces.

You aren't carrying anything.


   Skills:
 * Level 1.0 Fighting
 + Level 2.0 Dodging
 + Level 0.1 Stealth
 + Level 3.0 Unarmed Combat
 * Level 2.0 Spellcasting
 * Level 2.0 Transmutations


You had 3 spell levels left.
You knew the following spells:

 Your Spells              Type           Power      Damage    Failure   Level
a - Beastly Appendage     Tmut           14%        N/A       10%         1

Your spell library contained the following spells:

 Spells                   Type           Power      Damage    Failure   Level
 Wereblood                Tmut           7%         N/A       14%         2
 Spider Form              Tmut/Pois      4%         N/A       41%         3
 Ice Form                 Ice/Tmut       4%         N/A       82%         4


Dungeon Overview and Level Annotations

Branches:
Dungeon (1/15)

Altars:


Innate Abilities, Weirdness & Mutations

One of your tentacles has grown a beastly spike.
You cannot wear most types of armour.
You are amphibious.
You can wear up to eight rings at the same time.
Your skin changes colour to match your surroundings (Stealth+).
Your rubbery body absorbs attacks. (AC +1, EV +1)
((You are camouflaged when in or above water. (Stealth+)))
You have tentacles for arms and can constrict up to eight enemies at once.


Message History

You completely miss the hobgoblin.
The ball python hisses angrily.
The kobold shouts!
Your grab misses the hobgoblin.
You hear an angry hiss.
A ball python comes into view.
You miss the kobold. You grab the kobold.
You constrict the kobold, but do no damage.
The hobgoblin completely misses you. The kobold hits you with a +0 whip.
You tentacle-slap the kobold but do no damage.
You squeeze the kobold.
You kill the kobold!
The hobgoblin misses you.
You tentacle-slap the hobgoblin. You grab the hobgoblin.
Your tentacle spike misses the hobgoblin.
The hobgoblin is heavily wounded.
Your transformation is almost over.
You constrict the hobgoblin. The hobgoblin closely misses you.
You barely miss the hobgoblin.
You pierce the hobgoblin.
You kill the hobgoblin!
The ball python barely misses you. The ball python grabs you.
The ball python constricts you.
You tentacle-slap the ball python. You grab the ball python.
Your tentacle spike misses the ball python.
The ball python is moderately wounded.
You constrict the ball python, but do no damage.
The ball python bites you. The ball python constricts you.
The ball python bites you. The ball python barely misses you.
The ball python constricts you.
You escape the ball python's grasp.
You release your grip on the ball python.
The ball python bites you.
* * * LOW HITPOINT WARNING * * *
The ball python misses you.
You see here a book of Cantrips.
You closely miss the ball python. Your grab misses the ball python.
Your tentacle spike misses the ball python.
The ball python barely misses you. The ball python misses you.
The ball python barely misses you. The ball python grabs you.
The ball python constricts you.
You die...

#...⌠...........⌠...##
#.........≈.........#
##...⌠.........⌠...### .##
+......⌠...⌠......'.##.....
##...............##........
###.........####.#####.##
##########.......>..#
.......S###..########
#......@S..$.......
#..##..##†.##..####
##..).## #.# ##..## ... #..
.##. #.. # # ... .... ###..


You could see 2 ball pythons.

Vanquished Creatures
  A hobgoblin (D:1)
  A kobold (D:1)
2 creatures vanquished.

Notes
Turn   | Place    | Note
-------+----------+-------------------------------------------
     0 | D:1      | Zeld the Octopode Transmuter began the quest for the Orb.
     0 | D:1      | Reached XP level 1. HP: 13/13 MP: 3/3
    49 | D:1      | Constricted to death by a ball python

Illustrated notes

Levels and vault maps discovered:
D:1:      dpeg_arrival_stone_temple_mockup, layout_loops_ring,
          chequers_ecumenical_altar_simple_redux, palyth_stone_intersect

Action                   || total
-------------------------++-------
Melee: Unarmed           ||     7
       Constrict         ||     3
       Kick              ||     1
       Tentacles         ||     1
 Cast: Beastly Appendage ||     1
Dodge: Dodged            ||     9
